 Dungeon Crawl Stone Soup version 0.27-a0-906-g0a00ce863d (webtiles) character file.

Game seed: 17801123047492596584

294 jestyr24 the Covered (level 6, -1/79 HPs)
             Began as a Minotaur Fighter on Apr 8, 2021.
             Was an Initiate of Cheibriados (penitent).
             Slain by a gnoll shaman
             ... wielding a +0 club
              (5 damage)
             ... on level 4 of the Dungeon.
             The game lasted 00:13:21 (4153 turns).

jestyr24 the Covered (Minotaur Fighter)             Turns: 4153, Time: 00:13:30

Health: -1/79      AC:  8    Str: 23    XL:     6   Next: 11%
Magic:  0/5        EV:  8    Int:  5    God:    Cheibriados [*]
Gold:   184        SH: 10    Dex:  9    Spells: 5/5 levels left

rFire    . . .     SeeInvis .   a - +0 long sword
rCold    . . .     Faith    .   c - +0 kite shield
rNeg     . . .     Spirit   .   b - +0 scale mail
rPois    .         Reflect  .   (helmet restricted)
rElec    .         Harm     .   (no cloak)
rCorr    .         Rampage  .   m - +0 pair of gloves
Will     .....                  (no boots)
Stlth    ..........             (no amulet)
HPRegen  0.23/turn              (no ring)
MPRegen  0.09/turn              (no ring)

@: berserking, slow
A: horns 2, retaliatory headbutt
a: Renounce Religion


You were on level 4 of the Dungeon.
You worshipped Cheibriados.
Cheibriados was demanding penance.
You visited 2 branches of the dungeon, and saw 5 of its levels.

You collected 184 gold pieces.

Inventory:

Hand Weapons
 a - a +0 long sword (weapon)
Missiles
 i - 14 poisoned darts (quivered)
Armour
 b - a +0 scale mail (worn)
 c - a +0 kite shield (worn)
 k - a +2 leather armour of willpower
 m - a +0 pair of gloves (worn)
Scrolls
 f - 2 scrolls of enchant armour
 h - 2 scrolls of amnesia
Potions
 d - a potion of might
 j - 2 potions of curing
 l - a potion of haste


   Skills:
 + Level 4.7 Fighting
 + Level 4.5 Long Blades
 + Level 5.3 Armour
 + Level 1.3 Dodging
 - Level 0.7 Stealth
 + Level 4.7 Shields


You had 5 spell levels left.
You didn't know any spells.
Your spell library contained the following spells:

 Spells                   Type           Power      Damage    Failure   Level
 Animate Skeleton         Necr           0%         N/A       99%         1
 Pain                     Necr           0%         1d4       99%         1
 Vampiric Draining        Necr           0%         2d6       100%        3
 Animate Dead             Necr           0%         N/A       100%        4
 Agony                    Necr           0%         N/A       100%        5


Dungeon Overview and Level Annotations

Branches:
Dungeon (4/15)             Temple (1/1) D:4

Altars:
Ashenzari
Cheibriados
Elyvilon
Gozag
Makhleb
Okawaru
Qazlal
Sif Muna
Trog
Vehumet
Wu Jian
Yredelemnul
The Shining One


Innate Abilities, Weirdness & Mutations

You have a pair of horns on your head.
You reflexively headbutt those who attack you in melee.


Message History

The gnoll shaman hits you but does no damage.
You hit the gnoll. Your headbutt misses the gnoll.
The gnoll is moderately wounded.
You block the gnoll's attack.
The gnoll shaman hits you with a +0 club.
The gnoll hits you but does no damage.
You closely miss the gnoll.
The gnoll is moderately wounded.
You block the gnoll's attack.
The gnoll shaman hits you but does no damage.
The gnoll hits you with a +2 antimagic spear.
You feel your power leaking away.
You hit the gnoll.
The gnoll is severely wounded.
You block the gnoll's attack.
The gnoll shaman hits you with a +0 club.
The gnoll hits you with a +2 antimagic spear.
The gnoll shaman hits you with a +0 club.
You slash the gnoll!
You kill the gnoll!
Cheibriados thoroughly appreciates the change of pace.
The gnoll shaman hits you with a +0 club!
* * * LOW HITPOINT WARNING * * *
You barely miss the gnoll shaman.
The gnoll shaman is moderately wounded.
The gnoll hits you but does no damage.
The gnoll shaman hits you but does no damage.
The gnoll hits you with a +0 flail!
* * * LOW HITPOINT WARNING * * *
You block the gnoll shaman's attack.
Okay, then.
Really quaff the potion of berserk rage?
This action would place you under penance!
A red film seems to cover your vision as you go berserk!
Cheibriados thinks you should slow down.
You feel very guilty. "You will pay for your transgression, mortal!"
Cheibriados forces you to slow down.
You feel mighty! You block the gnoll's attack.
The gnoll shaman hits you with a +0 club.
You die...

#..# #..#
#..# . #.##
.. ##># ...
#..# ....
#..### .....
#...g#..((..
#..###@gg#
...## ###.#
..# ..# # .#
#. .# .


You could see a gnoll shaman and 2 gnolls.

Vanquished Creatures
  A water moccasin skeleton (D:4)
  A bullfrog skeleton (D:4)
  An orc priest (D:3)
  A hound zombie (D:3)
  Robin (D:4)
  2 gnolls (D:4)
  4 adders
  2 adder skeletons (D:4)
  2 adder zombies (D:3)
  A worm (D:2)
  A dart slug (D:1)
  7 orcs
  5 ball pythons
  An endoplasm (D:1)
  2 giant cockroaches
  13 goblins
  6 hobgoblins
  10 jackals
  10 kobolds
  2 quokkas
  6 bats
  A frilled lizard (D:2)
  2 quokka skeletons (D:4)
  A quokka zombie (D:3)
  6 rats
89 creatures vanquished.

Notes
Turn   | Place    | Note
-------+----------+-------------------------------------------
     0 | D:1      | jestyr24 the Minotaur Fighter began the quest for the Orb.
     0 | D:1      | Reached XP level 1. HP: 19/19 MP: 0/0
   146 | D:1      | Reached XP level 2. HP: 22/27 MP: 1/1
   149 | D:1      | Reached skill level 4 in Armour
  1110 | D:2      | Reached XP level 3. HP: 33/33 MP: 2/2
  1448 | D:2      | Found a faded altar of an unknown god.
  1956 | D:3      | Reached XP level 4. HP: 39/40 MP: 3/3
  1987 | D:3      | Found a basalt altar of Yredelemnul.
  2384 | D:3      | Found an iron altar of Okawaru.
  2519 | D:3      | Found a burning altar of Makhleb.
  3051 | D:4      | Reached XP level 5. HP: 25/47 MP: 4/4
  3054 | D:4      | Reached skill level 5 in Armour
  3449 | D:4      | Reached skill level 1 in Dodging
  3585 | D:4      | Found a glowing golden altar of the Shining One.
  3824 | D:4      | Noticed Robin
  3845 | D:4      | Killed Robin
  3846 | D:4      | Reached XP level 6. HP: 40/53 MP: 5/5
  3866 | D:4      | Found a staircase to the Ecumenical Temple.
  3877 | Temple   | Entered the Ecumenical Temple
  4047 | Temple   | Became a worshipper of Cheibriados the Contemplative
  4153 | D:4      | Was placed under penance by Cheibriados
  4153 | D:4      | Slain by a gnoll shaman

Illustrated notes

Levels and vault maps discovered:
D:1:      erik_arrival_triangle_small, layout_loops_ring
D:2:      layout_basic, ebering_ecumenical_altar_rust, minmay_pentomino_s2
D:3:      layout_loops_cross, nicolae_overflow_hidden_temple,
          nicolae_yredelemnul_corpse_copse, serial_bayou, serial_bayou_crossing,
          serial_bayou_shore_a, serial_bayou_pond_a, serial_bayou_lagoon_a
D:4:      layout_cave_pods, nicolae_tso_carved_into_rock,
          minmay_temple_entry_butterflies, uniq_robin
Temple:   nicolae_temple_figure_zero

Skill      XL: |  1  2  3  4  5 |
---------------+----------------+-----
Fighting       | 4 |  4.7
Armour         | 4 5 |  5.3
Long Blades    | 3 4 |  4.5
Shields        | 4 |  4.7
Dodging        | 1 |  1.3
Stealth        | |  0.7

Action                   |  1- 3 |  4- 6 || total
-------------------------+-------+-------++-------
Melee: Long sword        |    78 |   120 ||   198
       Headbutt          |    12 |    25 ||    37
Throw: Dart              |       |     3 ||     3
  Use: Scroll            |     2 |     4 ||     6
       Potion            |       |     1 ||     1
Armor: Scale mail        |    48 |    84 ||   132
Dodge: Dodged            |    41 |    47 ||    88
Block: Kite shield       |    53 |    88 ||   141
       Rpst.: Long sword |     6 |    17 ||    23

Table legend: (Time is in decaauts)
 A = Elapsed time spent in this place.
 B = Non-inter-level travel time spent in this place.
 C = Inter-level travel time spent in this place.
 D = Time resting spent in this place.
 E = Time spent auto-exploring this place.
 F = Levels seen in this place.
 G = Mean time per level.
                   A        B        C        D        E       F      G
               +--------+--------+--------+--------+--------+-----+--------+
         Total |   4287 |   4118 |    169 |    572 |   2786 |   5 |  857.4 |
       Dungeon |   4105 |   3936 |    169 |    572 |   2634 |   4 | 1026.2 |
        Temple |    181 |    181 |      0 |      0 |    152 |   1 |  181.0 |
               +--------+--------+--------+--------+--------+-----+--------+

Top non-repeatable levels by time:
     D:3: 1388 daAuts
     D:2: 1136 daAuts
     D:1: 796 daAuts
     D:4: 783 daAuts
  Temple: 181 daAuts
